 Dungeon Crawl Stone Soup version 0.21.1-1-g345015f (webtiles) character file.

332 tidbits the Charmwright (level 6, -2/51 HPs)
             Began as a Gnoll Skald on June 22, 2018.
             Slain by a mummy (6 damage)
             ... in an ossuary.
             The game lasted 00:06:52 (638 turns).

tidbits the Charmwright (Gnoll Skald)                Turns: 638, Time: 00:06:53

Health: -2/51      AC:  3    Str: 14    XL:     6   Next: 52%
Magic:  2/14       EV: 14    Int: 17    God:
Gold:   21         SH:  0    Dex: 14    Spells: 4/15 levels left

rFire    . . .     SeeInvis .   a - +0 hand axe
rCold    . . .     Gourm    .   (no shield)
rNeg     . . .     Faith    .   b - +0 leather armour
rPois    .         Spirit   .   (no helmet)
rElec    .         Reflect  .   (no cloak)
rCorr    .         Harm     .   (no gloves)
MR       .....                  (no boots)
Stlth    ++........             (no amulet)
HPRegen  0.17/turn              y - +3 ring of slaying
MPRegen  0.14/turn              (no ring)

@: singing (expiring)
A: distributed training, fangs 1, strong nose
a: no special abilities


You were in an ossuary.
You were not hungry.

You visited 1 branch of the dungeon, and saw 7 of its levels.
You also visited: Ossuary.

You collected 21 gold pieces.

Inventory:

Hand Weapons
 a - a +0 hand axe (weapon)
 i - a +0 dagger
 l - a cursed +0 scimitar
Missiles
 e - 65 arrows
 n - 2 tomahawks (quivered)
Armour
 b - a +0 leather armour (worn)
Jewellery
 y - a +3 ring of slaying (left hand)
   (You found it on level 4 of the Dungeon)
Scrolls
 f - 3 scrolls of teleportation
 j - 4 scrolls of remove curse
 m - a scroll of brand weapon
Potions
 h - a potion of curing {unknown}
Books
 d - a book of Battle

   Spells                             Type                      Level
   a - Infusion                       Charms                       1
   b - Shroud of Golubria             Charms/Translocation         2
   c - Song of Slaying                Charms                       2
   d - Spectral Weapon                Hexes/Charms                 3
   e - Regeneration                   Charms/Necromancy            3
Comestibles
 c - 5 rations


   Skills:
 + Level 5.0 Fighting
 + Level 2.0 Short Blades
 + Level 2.0 Long Blades
 + Level 5.0 Axes
 + Level 2.0 Maces & Flails
 + Level 2.0 Polearms
 + Level 2.0 Staves
 + Level 2.0 Slings
 + Level 2.0 Bows
 + Level 2.0 Crossbows
 + Level 2.0 Throwing
 + Level 3.2 Armour
 + Level 5.0 Dodging
 + Level 2.0 Stealth
 + Level 2.0 Shields
 + Level 2.0 Unarmed Combat
 + Level 5.3 Spellcasting
 + Level 1.5 Conjurations
 + Level 1.5 Hexes
 + Level 5.6 Charms
 + Level 1.5 Summonings
 + Level 1.5 Necromancy
 + Level 1.5 Translocations
 + Level 1.5 Transmutations
 + Level 1.5 Fire Magic
 + Level 1.5 Ice Magic
 + Level 1.5 Air Magic
 + Level 1.5 Earth Magic
 + Level 1.5 Poison Magic
 + Level 2.1 Invocations
 + Level 2.0 Evocations


You had 4 spell levels left.
You knew the following spells:

 Your Spells              Type           Power        Failure   Level  Hunger
g - Shroud of Golubria    Chrm/Tloc      ###.......   6%          2    #......
i - Infusion              Chrm           ###.         1%          1    None
r - Regeneration          Chrm/Necr      ###.......   12%         3    ##.....
w - Spectral Weapon       Hex/Chrm       ###.....     12%         3    ##.....
y - Song of Slaying       Chrm           ###.....     2%          2    #......


Dungeon Overview and Level Annotations

Branches:
Dungeon (7/15)
 Temple: D:4-7

Altars:


Innate Abilities, Weirdness & Mutations

Your experience applies equally to all skills.
You have very sharp teeth.
Your uncanny sense of smell can sniff out nearby items.


Message History

Your skin is crawling a little less now.
You swing at nothing.
You swing at nothing.
You swing at nothing.
Your skin stops crawling.
Your magical contamination has completely faded away.
You swing at nothing.
You swing at nothing.
You feel yourself speed up.
You swing at nothing.
You swing at nothing.
You swing at nothing.
You swing at nothing.
You swing at nothing.
You swing at nothing.
You swing at nothing.
You swing at nothing.
You swing at nothing.
You recover from your berserk rage.
You swing at nothing.
You swing at nothing.
You swing at nothing.
Wield which item (- for none, * to show all)? (? for menu, Esc to quit)
a - a +0 hand axe (weapon)
Casting: Regeneration
Confirm with . or Enter, or press ? or * to list all spells.
You draw out your weapon's spirit!
Casting: Spectral Weapon
Confirm with . or Enter, or press ? or * to list all spells.
You start singing a song of slaying.
A mummy comes into view.
A mummy comes into view.
You barely miss the mummy.
Your spectral weapon hits the mummy!
You hit the mummy but do no damage.
The mummy is severely damaged.
Your spectral weapon completely misses the mummy.
The mummy closely misses you.
You hit the mummy. Your bite misses the mummy.
The mummy is almost destroyed.
Your spectral weapon hits the mummy.
You destroy the mummy!
Your Fighting skill increases to level 5!
Your Axes skill increases to level 5!
Your Dodging skill increases to level 5!
You hit the mummy. Your bite misses the mummy.
The mummy is lightly damaged.
Your spectral weapon hits the mummy.
The mummy hits you!
* * * LOW HITPOINT WARNING * * *
You hit the mummy. You bite the mummy.
The mummy is moderately damaged.
Your spectral weapon hits the mummy.
You hit the mummy. Your bite misses the mummy.
The mummy is almost destroyed.
Your spectral weapon hits the mummy but does no damage.
The mummy closely misses you.
A mummy comes into view.
You slash the mummy!
You destroy the mummy!
Your Short Blades skill increases to level 2!
Your Long Blades skill increases to level 2!
Your Maces & Flails skill increases to level 2!
Your Polearms skill increases to level 2!
Your Staves skill increases to level 2!
Your Slings skill increases to level 2!
Your Bows skill increases to level 2!
Your Crossbows skill increases to level 2!
Your Throwing skill increases to level 2!
Your Stealth skill increases to level 2!
Your Shields skill increases to level 2!
Your Unarmed Combat skill increases to level 2!
Your Evocations skill increases to level 2!
Throwing (i - inventory):
n - 4 tomahawks (quivered)
Press: ? - help, Shift-Dir - straight line, f - mummy
Aim: a mummy You throw a tomahawk.
The tomahawk hits the mummy.
The mummy is moderately damaged.
Throwing (i - inventory):
n - 3 tomahawks (quivered)
Press: ? - help, Shift-Dir - straight line, f/p - mummy
Aim: a mummy (moderately damaged)
You throw a tomahawk. The tomahawk hits the mummy.
The mummy is moderately damaged.
You hit the mummy. You bite the mummy.
The mummy is heavily damaged.
Your spectral weapon hits the mummy.
The mummy barely misses your spectral weapon.
You completely miss the mummy.
The mummy is severely damaged.
Your spectral weapon barely misses the mummy.
You hit the mummy.
The mummy is severely damaged.
You hit the mummy.
Your spectral weapon hits the mummy but does no damage.
The mummy hits you!!
* * * LOW HITPOINT WARNING * * *
You hit the mummy.
The mummy is almost destroyed.
You hit the mummy.
Your song is almost over.
Your spectral weapon barely misses the mummy.
The mummy hits you.
You die...

###### .....##
### .....## ...
##..##......#
...##....##(....#
...........M....#
..........M@(..#
..............##
#........##+#
##......##
##....## #....# ∆
#....# ∆ #....# ∆
∆ ∆∆ #....# ∆∆∆


You could see 2 mummies and a friendly spectral hand axe.

Vanquished Creatures
  A centaur (D:6)
  A bullfrog (D:6)
  A jelly (D:5)
  2 big kobold zombies (Ossuary)
  6 mummies (Ossuary)
  An adder (D:5)
  A shadow imp (D:5)
  A leopard gecko (D:1)
  5 orcs (D:6)
  2 gnoll zombies (Ossuary)
  A hobgoblin (D:2)
  2 jackals (D:1)
  3 kobolds (D:1)
  5 bats (D:1)
  A goblin (D:2)
  4 kobold zombies (Ossuary)
  A rat (D:1)
38 creatures vanquished.

Notes
Turn   | Place    | Note
-------+----------+-------------------------------------------
     0 | D:1      | tidbits the Gnoll Skald began the quest for the Orb.
     0 | D:1      | Reached XP level 1. HP: 20/20 MP: 6/6
    52 | D:1      | Reached XP level 2. HP: 17/26 MP: 0/7
    56 | D:1      | Learned a level 2 spell: Song of Slaying
    59 | D:1      | Learned a level 2 spell: Shroud of Golubria
   226 | D:2      | You fall through a shaft for 2 floors!
   371 | D:5      | Entered Level 5 of the Dungeon
   387 | D:5      | Reached XP level 3. HP: 24/31 MP: 6/9
   392 | D:5      | Learned a level 3 spell: Regeneration
   397 | D:5      | Learned a level 3 spell: Spectral Weapon
   421 | D:5      | Reached skill level 1 in Short Blades
   421 | D:5      | Reached skill level 1 in Long Blades
   421 | D:5      | Reached skill level 1 in Maces & Flails
   421 | D:5      | Reached skill level 1 in Polearms
   421 | D:5      | Reached skill level 1 in Staves
   421 | D:5      | Reached skill level 1 in Slings
   421 | D:5      | Reached skill level 1 in Bows
   421 | D:5      | Reached skill level 1 in Crossbows
   421 | D:5      | Reached skill level 1 in Throwing
   421 | D:5      | Reached skill level 1 in Stealth
   421 | D:5      | Reached skill level 1 in Shields
   421 | D:5      | Reached skill level 1 in Unarmed Combat
   421 | D:5      | Reached skill level 5 in Spellcasting
   421 | D:5      | Reached skill level 1 in Invocations
   421 | D:5      | Reached skill level 1 in Evocations
   431 | D:5      | Reached XP level 4. HP: 32/38 MP: 6/11
   444 | D:6      | Noticed a centaur
   452 | D:6      | Killed a centaur
   452 | D:6      | Reached skill level 1 in Conjurations
   452 | D:6      | Reached skill level 1 in Hexes
   452 | D:6      | Reached skill level 1 in Summonings
   452 | D:6      | Reached skill level 1 in Necromancy
   452 | D:6      | Reached skill level 1 in Translocations
   452 | D:6      | Reached skill level 1 in Transmutations
   452 | D:6      | Reached skill level 1 in Fire Magic
   452 | D:6      | Reached skill level 1 in Ice Magic
   452 | D:6      | Reached skill level 1 in Air Magic
   452 | D:6      | Reached skill level 1 in Earth Magic
   452 | D:6      | Reached skill level 1 in Poison Magic
   452 | D:6      | Reached XP level 5. HP: 29/43 MP: 6/12
   484 | D:6      | Reached skill level 3 in Armour
   533 | D:5      | Found a sand-covered staircase.
   541 | Ossuary  | Entered an ossuary
   564 | Ossuary  | Reached XP level 6. HP: 30/50 MP: 3/13
   568 | Ossuary  | Reached skill level 2 in Invocations
   628 | Ossuary  | Reached skill level 5 in Fighting
   628 | Ossuary  | Reached skill level 5 in Axes
   628 | Ossuary  | Reached skill level 5 in Dodging
   632 | Ossuary  | Reached skill level 2 in Short Blades
   632 | Ossuary  | Reached skill level 2 in Long Blades
   632 | Ossuary  | Reached skill level 2 in Maces & Flails
   632 | Ossuary  | Reached skill level 2 in Polearms
   632 | Ossuary  | Reached skill level 2 in Staves
   632 | Ossuary  | Reached skill level 2 in Slings
   632 | Ossuary  | Reached skill level 2 in Bows
   632 | Ossuary  | Reached skill level 2 in Crossbows
   632 | Ossuary  | Reached skill level 2 in Throwing
   632 | Ossuary  | Reached skill level 2 in Stealth
   632 | Ossuary  | Reached skill level 2 in Shields
   632 | Ossuary  | Reached skill level 2 in Unarmed Combat
   632 | Ossuary  | Reached skill level 2 in Evocations
   637 | Ossuary  | HP: 4/51 [mummy (19)]
   638 | Ossuary  | Slain by a mummy

Skill      XL: |  1  2  3  4  5  6 |
---------------+-------------------+-----
Short Blades   | 1 2 |  2.0
Long Blades    | 1 2 |  2.0
Maces & Flails | 1 2 |  2.0
Polearms       | 1 2 |  2.0
Staves         | 1 2 |  2.0
Slings         | 1 2 |  2.0
Bows           | 1 2 |  2.0
Crossbows      | 1 2 |  2.0
Throwing       | 1 2 |  2.0
Stealth        | 1 2 |  2.0
Shields        | 1 2 |  2.0
Unarmed Combat | 1 2 |  2.0
Spellcasting   | 5 |  5.3
Invocations    | 1 2 |  2.1
Evocations     | 1 2 |  2.0
Conjurations   | 1 |  1.5
Hexes          | 1 |  1.5
Summonings     | 1 |  1.5
Necromancy     | 1 |  1.5
Translocations | 1 |  1.5
Transmutations | 1 |  1.5
Fire Magic     | 1 |  1.5
Ice Magic      | 1 |  1.5
Air Magic      | 1 |  1.5
Earth Magic    | 1 |  1.5
Poison Magic   | 1 |  1.5
Armour         | 3 |  3.2
Fighting       | 5 |  5.0
Axes           | 5 |  5.0
Dodging        | 5 |  5.0
Charms         | |  5.6

Action                   |  1- 3 |  4- 6 || total
-------------------------+-------+-------++-------
Melee: Hand axe          |    34 |    54 ||    88
       Bite              |       |     8 ||     8
Throw: Tomahawk          |       |     4 ||     4
 Cast: Infusion          |     5 |       ||     5
       Song of Slaying   |     3 |     4 ||     7
       Spectral Weapon   |     1 |     5 ||     6
       Regeneration      |     1 |     2 ||     3
  Use: Scroll            |       |     4 ||     4
       Potion            |       |     1 ||     1
 Stab: Sleeping          |     1 |       ||     1
       Distracted        |       |     1 ||     1
Armor: Leather armour    |     8 |     3 ||    11
Dodge: Dodged            |    27 |    29 ||    56

Table legend:
 A = Turns spent in this place as a percentage of turns spent in the entire game.
 B = Non-inter-level travel turns spent in this place as a percentage of non-inter-level travel turns spent in the entire game.
 C = Inter-level travel turns spent in this place as a percentage of turns spent in this place.
 D = Turns resting spent in this place as a percentage of non-inter-level travel turns spent in this place.
 E = Turns spent auto-exploring this place as a percentage of non-inter-level travel turns spent in this place.
 F = Non-inter-level travel turns spent in this place divided by the number of levels of this place that you've seen.
                   A       B       C       D       E      F
               +-------+-------+-------+-------+-------+----------------------
         Total | 100.0 | 100.0 |   0.0 |   0.0 |   0.0 |  79.8
       Dungeon |  84.8 |  84.8 |   0.0 |   0.0 |   0.0 |  77.3
       Ossuary |  15.2 |  15.2 |   0.0 |   0.0 |   0.0 |  97.0
               +-------+-------+-------+-------+-------+----------------------

Table legend:
 A = Kills in this place as a percentage of kills in entire the game.
 B = Kills by you in this place as a percentage of kills by you in the entire game.
 C = Kills by friends in this place as a percentage of kills by friends in the entire game.
 D = Other kills in this place as a percentage of other kills in the entire game.
 E = Experience gained in this place as a percentage of experience gained in the entire game.
 F = Experience gained in this place divided by the number of levels of this place that you have seen.
                   A       B       C       D       E      F
               +-------+-------+-------+-------+-------+----------------------
         Total | 100.0 | 100.0 |   N/A |   N/A | 100.0 |  59.4
       Dungeon |  63.2 |  63.2 |   N/A |   N/A |  64.8 |  44.0
       Ossuary |  36.8 |  36.8 |   N/A |   N/A |  35.2 | 167.0
               +-------+-------+-------+-------+-------+----------------------

Vault maps used:
D:1:      saegor_arrival_simple_c
D:2:      lemuel_round_altar, lemuel_doored_altar
D:3:      lemuel_round_altar, lemuel_round_altar, zin_treasury
D:4:      first_ration
D:5:      nicolae_ossuary_entry_monument, uniq_grinder
D:6:      grunt_temple_overflow_holy_war, minmay_temple_entry_purple_smoke
D:7:      regret_index_temple_of_mockery, lemuel_round_altar, enter_bailey_1
Ossuary:  ossuary_tomb_3
